 Dungeon Crawl Stone Soup version 0.17.0-17-ge4ba49f (webtiles) character file.

172 Grim the Sneak (level 5, -15/35 HPs)
             Began as an Octopode Assassin on Nov 8, 2015.
             Demolished by an ogre
             ... wielding a +0 giant spiked club
              (31 damage)
             ... on level 4 of the Dungeon on Nov 11, 2015.
             The game lasted 00:20:50 (3542 turns).

Grim the Sneak (Octopode Assassin)                  Turns: 3542, Time: 00:20:50

Health: -15/35     AC:  1    Str: 10    XL:     5   Next: 53%
Magic:  5/5        EV: 12    Int: 14    God:
Gold:   188        SH:  0    Dex: 14    Spells: 0 memorised, 4 levels left

rFire  . . .     SeeInvis .     a - +2 dagger
rCold  . . .     Clarity  .     (no shield)
rNeg   . . .     SustAt   .     (helmet restricted)
rPois  .         Gourm    .     (no amulet)
rElec  .         Spirit   .     l - ring of flight
rCorr  .         Warding  .     q - ring of wizardry
rMut   .         Stasis   .     (no ring)
MR     .....                    (no ring)
Stlth  +++++.....               (no ring)
                                (no ring)
                                (no ring)
                                (no ring)

@: not resistant to hostile enchantments, quite stealthy
A: almost no armour, amphibious, 8 rings, constrict 8, camouflage 1, gelatinous
body 1
a: Evoke Flight


You were on level 4 of the Dungeon.
You were not hungry.

You visited 1 branch of the dungeon, and saw 4 of its levels.

You collected 188 gold pieces.

Inventory:

Hand Weapons
 a - a +2 dagger (weapon)
 b - a +0 blowgun
 s - a +0 rapier
Missiles
 c - 27 poisoned needles
 d - 2 curare-tipped needles
Jewellery
 l - a ring of flight (left tentacle)
 q - a ring of wizardry (right tentacle)
Scrolls
 f - a scroll of enchant weapon {unknown}
 g - 3 scrolls of identify {unknown}
 m - a scroll of magic mapping {unknown}
 n - 3 scrolls of teleportation {unknown}
 o - a scroll of amnesia {unknown}
Potions
 h - a potion of resistance {unknown}
 i - a potion of degeneration {unknown}
 k - a potion of mutation {unknown}
 p - a potion of heal wounds {unknown}
 t - a potion of berserk rage {unknown}
 u - 3 potions of curing {unknown}
 w - a potion of haste {unknown}
Comestibles
 e - 3 bread rations
 j - a royal jelly
 r - 4 meat rations
 v - 5 chunks of flesh


   Skills:
 + Level 2.6 Fighting
 - Level 4.0 Short Blades
 - Level 2.9 Throwing
 - Level 1.0 Dodging
 - Level 6.4 Stealth


You had 4 spell levels left.
You didn't know any spells.

Dungeon Overview and Level Annotations

Branches:
Dungeon (4/15)
 Temple: D:4-7

Altars:
Makhleb
Qazlal


Innate Abilities, Weirdness & Mutations

You cannot wear most types of armour.
You are amphibious.
You can wear up to eight rings at the same time.
You can use your tentacles to constrict eight enemies at once.
Your skin changes colour to match your surroundings (Stealth).
Your rubbery body absorbs attacks (AC +1).


Message History

You kill the ball python!
The ogre shouts!
The ogre completely misses you.
You hit the ogre.
The ogre is lightly wounded.
The ogre hits you with a giant spiked club!
You hit the ogre.
The ogre is lightly wounded.
You hit the ogre.
The ogre is moderately wounded.
The ogre hits you with a giant spiked club!
* * * LOW HITPOINT WARNING * * *
You hit the ogre.
The ogre is moderately wounded.
Some of the chunks of flesh in your inventory have rotted away.
You completely miss the ogre.
The ogre is moderately wounded.
The ogre hits you with a giant spiked club!!
Ouch! That really hurt!
You die...

## ..## ### ... ..#
###$####.##
##..O..##..#
#....@..#.?##### ###
#.#.......#....... ..#
......_......# #####.#
..#.......#.## #...#.#
# #.......#.# #.#.#.#
##.....##.#####.#.#.##
###.####.##....#....#
...........#######.#
.##########....#....#


You could see an ogre.

Vanquished Creatures
  Natasha (thrice) (D:3)
  3 gnolls (D:3)
  4 adders
  2 oozes
  5 giant geckos
  An orc (D:3)
  8 bats
  2 giant cockroaches (D:3)
  5 goblins
  5 hobgoblins
  5 jackals (D:3)
  3 quokkas
  3 ball pythons
  2 giant newts (D:3)
  7 kobolds
  7 rats
65 creatures vanquished.

Notes
Turn   | Place    | Note
--------------------------------------------------------------
     0 | D:1      | Grim the Octopode Assassin began the quest for the Orb.
     0 | D:1      | Reached XP level 1. HP: 14/14 MP: 1/1
    91 | D:1      | Reached XP level 2. HP: 9/19 MP: 2/2
   348 | D:1      | Upgraded the game from 0.17.0-7-gfadd4cc to 0.17.0-9-g801d43b
  1182 | D:2      | Reached XP level 3. HP: 24/24 MP: 3/3
  1562 | D:2      | Found a stormy altar of Qazlal.
  1843 | D:3      | Noticed Natasha
  1850 | D:3      | Killed Natasha
  1850 | D:3      | Reached XP level 4. HP: 24/29 MP: 4/4
  1982 | D:3      | Reached skill level 6 in Stealth
  2286 | D:3      | Noticed Natasha
  2298 | D:3      | Killed Natasha
  2405 | D:3      | Reached XP level 5. HP: 16/34 MP: 5/5
  2713 | D:3      | Upgraded the game from 0.17.0-9-g801d43b to 0.17.0-17-ge4ba49f
  2768 | D:3      | Noticed Natasha
  2781 | D:3      | Killed Natasha
  3530 | D:4      | Found a burning altar of Makhleb.
  3530 | D:4      | Noticed an ogre
  3542 | D:4      | Demolished by an ogre

Action                   |  1- 3 |  4- 6 || total
-------------------------+-------+-------++-------
Melee: Dagger            |    53 |    79 ||   132
 Fire: Blowgun           |       |     2 ||     2
 Stab: Sleeping          |    15 |    11 ||    26
  Eat: Chunk             |     2 |     6 ||     8
